 Dungeon Crawl Stone Soup version 0.30-a0-996-ga6910c8ee8 (webtiles) character file.

Game seed: 3941783602014141150

329 vishdafish the Conjurer (level 6, 0/41 HPs)
             Began as a Demonspawn Conjurer on Apr 4, 2023.
             Slain by Edmund
             ... wielding a +0 flail of protection
              (9 damage)
             ... on level 4 of the Dungeon.
             The game lasted 00:06:21 (3305 turns).

vishdafish the Conjurer (Demonspawn Conjurer)       Turns: 3305, Time: 00:06:21

Health: 0/41       AC:  2    Str:  8    XL:     6   Next: 25%
Magic:  1/11       EV: 12    Int: 21    God:
Gold:   109        SH:  4    Dex: 11    Spells: 3/12 levels left

rFire   . . .      SeeInvis .    o - +0 sling (elec)
rCold   . . .      Faith    .    (no shield)
rNeg    . . .      Spirit   .    a - +0 robe
rPois   +          Reflect  .    (no helmet)
rElec   .          Rampage  .    (no cloak)
rCorr   .                        (no gloves)
Will    .....                    (no boots)
Stlth   ++                       (no amulet)
HPRegen 0.26/turn                e - ring of poison resistance
MPRegen 0.12/turn                c - +4 ring of slaying

@: brilliant
A: large bone plates 1, powered by death 1, weakness stinger 1
a: no special abilities


You were on level 4 of the Dungeon.
You visited 1 branch of the dungeon, and saw 4 of its levels.

You collected 194 gold pieces.
You spent 85 gold pieces at shops.

Inventory:

Hand Weapons
 b - a +0 short sword
 m - a +0 long sword
 o - a +0 sling of electrocution (weapon)
 q - a +3 sling
Armour
 a - a +0 robe (worn)
Jewellery
 c - a +4 ring of slaying (right hand)
 e - a ring of poison resistance (left hand)
 l - a ring of fire
Scrolls
 g - a scroll of poison {unknown}
 k - a scroll of enchant weapon {unknown}
 r - a scroll of enchant armour {unknown}
Potions
 d - a potion of brilliance
 f - a potion of berserk rage {unknown}
 h - 2 potions of haste {unknown}
 i - 2 potions of attraction {unknown}
 j - 2 potions of mutation {unknown}
 n - a potion of flight {unknown}
 p - a potion of heal wounds {unknown}
 s - a potion of degeneration {unknown}


   Skills:
 - Level 3.0 Ranged Weapons
 - Level 1.7 Dodging
 - Level 1.7 Stealth
 - Level 3.5 Spellcasting
 - Level 5.1 Conjurations
 + Level 1.4 Hexes
 + Level 1.3 Translocations


You had 3 spell levels left.
You knew the following spells:

 Your Spells              Type           Power      Damage    Failure   Level
a - Magic Dart            Conj           100%       1d8       1%          1
b - Fulminant Prism       Conj/Hex       13%        3d9       32%         4
c - Iskenderun's Mystic   Conj/Tloc      26%        2d7       32%         4

Your spell library contained the following spells:

 Spells                   Type           Power      Damage    Failure   Level
 Searing Ray              Conj           76%        2d7       2%          2
 Dazzling Flash           Conj/Hex       52%        N/A       10%         3
 Kindle Blastsparks       Fire/Tloc/Air  16%        2d11      32%         3
 Ignite Poison            Fire/Tmut/Pois 5%         N/A       36%         3
 Freezing Cloud           Conj/Ice/Air   8%         6-21      86%         5


Dungeon Overview and Level Annotations

Branches:
Dungeon (4/15)
 Temple: D:4-7

Altars:

Shops:
D:3 (

Annotations:
D:4 Edmund


Innate Abilities, Weirdness & Mutations

You are partially covered in large bone plates. (SH +4)
You regenerate a little health from kills.
You have a small tail.


Message History

You don't have enough magic to cast this spell.
Unknown command.
Aiming: Magic Dart (safe; 1% risk of failure)
Press: ? - help, Q - select action, (/) - cycle Shift-Dir - straight line, f/p - Edmund
Aim: Edmund, wielding a +0 flail of protection and wearing a +0 scale mail (severely wounded, 100% to hit)
The magic dart hits Edmund but does no damage.
Edmund is severely wounded.
Edmund hits you with a +0 flail of protection.
Aiming: Magic Dart (safe; 1% risk of failure)
Press: ? - help, Q - select action, (/) - cycle Shift-Dir - straight line, f/p - Edmund
Aim: Edmund, wielding a +0 flail of protection and wearing a +0 scale mail (severely wounded, 100% to hit)
The magic dart hits Edmund but does no damage.
Edmund is severely wounded.
Edmund completely misses you.
Aiming: Magic Dart (safe; 1% risk of failure)
Press: ? - help, Q - select action, (/) - cycle Shift-Dir - straight line, f/p - Edmund
Aim: Edmund, wielding a +0 flail of protection and wearing a +0 scale mail (severely wounded, 100% to hit)
The magic dart hits Edmund but does no damage.
Edmund is severely wounded.
Edmund barely misses you.
Fire: o) +0 sling (elec)
Press: ? - help, Q - select action, (/) - cycle Shift-Dir - straight line, f/p - Edmund
Aim: Edmund, wielding a +0 flail of protection and wearing a +0 scale mail (severely wounded, 63% to hit)
You shoot a sling bullet.
The sling bullet hits Edmund but does no damage.
Edmund is severely wounded.
Edmund hits you with a +0 flail of protection.
Fire: o) +0 sling (elec)
Press: ? - help, Q - select action, (/) - cycle Shift-Dir - straight line, f/p - Edmund
Aim: Edmund, wielding a +0 flail of protection and wearing a +0 scale mail (severely wounded, 63% to hit)
You shoot a sling bullet.
The sling bullet hits Edmund but does no damage.
Edmund is severely wounded.
Edmund hits you with a +0 flail of protection!
* * * LOW HITPOINT WARNING * * *
Edmund hits you but does no damage.
It was a potion of brilliance.
You feel clever all of a sudden.
Edmund hits you with a +0 flail of protection!
You die...

#.#.. .....#)≈.≈)# .....
.......#≈≈.≈≈## #....
..............## .....
............... .....
......$......#### .....
................. .....
.............##### .....
......@........... .....
...##@.#.####### ..##.
#..#.....# .....
#..#...#.# .#..♣
.#.###.#.# .#.♣# .#
#.#.#.....# ...♣
♣.######.#+#...#.# ...♣#
#♣..............###
.#..♣♣♣..........>...)..#
.#....................#)#


You could see Edmund.

Vanquished Creatures
  A scorpion (D:4)
  2 hounds (D:4)
  An iguana (D:4)
  2 orc wizards (D:4)
  4 adders
  3 dart slugs
  4 orcs (D:4)
  4 bats
  9 endoplasms
  3 giant cockroaches
  9 goblins
  12 hobgoblins
  8 jackals (D:2)
  8 kobolds
  5 quokkas
  6 ball pythons
  3 frilled lizards
  7 rats
91 creatures vanquished.

Vanquished Creatures (others)
  5 fungi (D:2)
  8 plants (D:2)
13 creatures vanquished.

Grand Total: 104 creatures vanquished

Notes
Turn   | Place    | Note
-------+----------+-------------------------------------------
     0 | D:1      | vishdafish the Demonspawn Conjurer began the quest for the
                  | Orb.
     0 | D:1      | Reached XP level 1. HP: 13/13 MP: 3/3
   156 | D:1      | Gained mutation: You regenerate a little health from kills.
                  | [demonic ancestry]
   156 | D:1      | Reached XP level 2. HP: 12/19 MP: 0/5
   443 | D:2      | Reached XP level 3. HP: 18/24 MP: 0/7
   926 | D:1      | Gained mutation: You are partially covered in large bone
                  | plates. (SH +4) [demonic ancestry]
   926 | D:1      | Reached XP level 4. HP: 30/30 MP: 3/8
  1431 | D:2      | Found a faded altar of an unknown god.
  1512 | D:2      | Reached skill level 5 in Conjurations
  2008 | D:3      | Found Jagheohe's Antique Weapon Shoppe.
  2025 | D:3      | Bought a runed sling for 85 gold pieces
  2722 | D:4      | Noticed a scorpion
  2727 | D:4      | Killed a scorpion
  2728 | D:4      | Reached skill level 1 in Ranged Weapons
  2728 | D:4      | Reached XP level 5. HP: 35/35 MP: 10/10
  2874 | D:4      | Learned a level 4 spell: Fulminant Prism
  2879 | D:4      | Learned a level 4 spell: Iskenderun's Mystic Blast
  3035 | D:4      | Gained mutation: You have a small tail. [demonic ancestry]
  3035 | D:4      | Reached XP level 6. HP: 41/41 MP: 11/11
  3083 | D:4      | Reached skill level 1 in Hexes
  3083 | D:4      | Reached skill level 1 in Translocations
  3285 | D:4      | Noticed Edmund
  3305 | D:4      | Slain by Edmund

Illustrated notes

Levels and vault maps discovered:
D:1:      heliophobic_arrival_enchanted_forest, layout_rooms
D:2:      cheibrodos_helix_gallery, layout_rooms,
          shapermc_ecumenical_altar_mp_urbaneastern, kennysheep_generic_room_3
D:3:      layout_basic, serial_shops, nicolae_shop_overgrown_old_shop
D:4:      layout_basic, kennysheep_okawaru_gauntlet, minmay_stone_trees_small,
          nicolae_eternal_life, uniq_edmund

Skill      XL: |  1  2  3  4  5  6 |
---------------+-------------------+-----
Spellcasting   | 3 |  3.5
Conjurations   | 5 |  5.1
Ranged Weapons | 1 3 |  3.0
Hexes          | 1 |  1.4
Translocations | 1 |  1.3
Dodging        | |  1.7
Stealth        | |  1.7

Action                     |  1- 3 |  4- 6 || total
---------------------------+-------+-------++-------
  Melee: Unarmed           |    19 |       ||    19
         Short sword       |    33 |    16 ||    49
         Punch             |     1 |       ||     1
         Long sword        |       |     1 ||     1
   Fire: Sling             |       |    79 ||    79
   Cast: Magic Dart        |    71 |    64 ||   135
         Iskenderun's Myst |       |     2 ||     2
    Use: Potion            |     1 |     1 ||     2
         Scroll            |       |     2 ||     2
 Armour: Robe              |    17 |     6 ||    23
  Dodge: Dodged            |    59 |    27 ||    86
  Block: Other             |       |    10 ||    10

Table legend: (Time is in decaauts)
 A = Elapsed time spent in this place.
 B = Non-inter-level travel time spent in this place.
 C = Inter-level travel time spent in this place.
 D = Time resting spent in this place.
 E = Time spent auto-exploring this place.
 F = Levels seen in this place.
 G = Mean time per level.
                   A        B        C        D        E       F      G
               +--------+--------+--------+--------+--------+-----+--------+
         Total |   3327 |   3147 |    180 |     60 |   2540 |   4 |  831.8 |
       Dungeon |   3327 |   3147 |    180 |     60 |   2540 |   4 |  831.8 |
               +--------+--------+--------+--------+--------+-----+--------+

Top non-repeatable levels by time:
     D:2: 1158 daAuts
     D:1: 786 daAuts
     D:3: 758 daAuts
     D:4: 624 daAuts
